 Dungeon Crawl Stone Soup version 0.32-a0-909-gc671339a80 (webtiles) character file.

Game seed: 10851263764341834518

111566 Pooter the Marksminotaur (level 16, 0/146 HPs)
             Began as a Minotaur Berserker on Apr 5, 2024.
             Was a High Priest of Trog.
             Killed from afar by a deep elf zephyrmancer (4 damage)
             ... with a bolt of lightning
             ... on level 1 of the Elven Halls on Apr 6, 2024.
             The game lasted 02:38:57 (27066 turns).

Pooter the Marksminotaur (Minotaur Berserker)      Turns: 27066, Time: 02:38:57

Health: 0/146      AC: 21    Str: 26    XL:     16   Next: 9%
Magic:  15/15      EV:  9    Int:  7    God:    Trog [*****.]
Gold:   659        SH: 16    Dex: 14    Spells: 15/15 levels left

rFire   + . .        a - +1 eveningstar (heavy)
rCold   + . .        T - +0 kite shield
rNeg    . . .        H - +3 chain mail {rC+}
rPois   .            Q - +1 hat {Int+3}
rElec   .            q - +1 cloak {Will+}
rCorr   .            l - +2 pair of gloves
SInv    +            M - +0 pair of boots {Fly}
Will    ++++.        W - amulet of reflection Stlth
                     h - ring of protection from fire
HPRegen 1.44/turn    S - ring of see invisible
MPRegen 0.14/turn

%: reflection
@: strong-willed, flying, regenerating
A: horns 2, retaliatory headbutt
a: Renounce Religion, Berserk, Trog's Hand, Brothers in Arms


You were on level 1 of the Elven Halls.
You worshipped Trog.
Trog was extremely pleased with you.
You visited 4 branches of the dungeon, and saw 23 of its levels.
You also visited: Ossuary.

You collected 2426 gold pieces.
You spent 1767 gold pieces at shops.

Inventory:

Hand Weapons
 a - a +1 heavy eveningstar (weapon)
   (You took it off Urug on level 2 of the Orcish Mines)
 b - a +1 hand cannon of freezing
   (You bought it in a shop on level 1 of the Orcish Mines)
 Y - a +2 antimagic broad axe
   (Trog gifted it to you on level 5 of the Lair of Beasts)
Missiles
 j - 5 javelins
 w - 11 curare-tipped darts
 J - 26 boomerangs (quivered)
Armour
 l - a +2 pair of gloves (worn)
   (You found it on level 5 of the Lair of Beasts)
 q - a +1 cloak of willpower (worn)
   (You found it on level 10 of the Dungeon)
 v - a +2 chain mail of poison resistance
   (You took it off an orc warrior on level 2 of the Orcish Mines)
 H - a +3 chain mail of cold resistance (worn)
   (You took it off an orc warlord on level 2 of the Orcish Mines)
 M - a +0 pair of boots of flying (worn)
   (You found it on level 7 of the Dungeon)
 P - a +2 crystal plate armour
   (You found it on level 4 of the Lair of Beasts)
 Q - a +1 hat of intelligence (worn)
   (You took it off Gastronok on level 1 of the Lair of Beasts)
 T - a +0 kite shield (worn)
   (You found it on level 8 of the Dungeon)
Jewellery
 h - a ring of protection from fire (left hand)
   (You found it on level 1 of the Lair of Beasts)
 m - a +6 ring of dexterity
   (You found it on level 13 of the Dungeon)
 o - an amulet of regeneration
   (You found it on level 3 of the Dungeon)
 C - a ring of resist corrosion
   (You found it on level 7 of the Dungeon)
 N - a ring of positive energy
   (You found it on level 12 of the Dungeon)
 S - a ring of see invisible (right hand)
   (You bought it in a shop on level 2 of the Orcish Mines)
 U - a +6 ring of strength
   (You bought it in a shop on level 2 of the Orcish Mines)
 W - an amulet of reflection (around neck)
   (You bought it in a shop on level 2 of the Orcish Mines)
 X - a +5 ring of evasion
   (You found it on level 8 of the Dungeon)
Wands
 d - a wand of iceblast (4)
   (You found it on level 3 of the Dungeon)
 f - a wand of flame (14)
   (You found it on level 2 of the Lair of Beasts)
 s - a wand of polymorph (12)
   (You took it off Ijyb on level 4 of the Dungeon)
 u - a wand of paralysis (11)
   (You took it off an orc on level 9 of the Dungeon)
 x - a wand of acid (6)
   (You bought it in a shop on level 2 of the Orcish Mines)
 D - a wand of digging (4)
   (You found it on level 5 of the Lair of Beasts)
 F - a wand of mindburst (11)
   (You found it on level 12 of the Dungeon)
Scrolls
 c - a scroll of poison {!r}
 i - a scroll of identify {@r1}
 k - 2 scrolls of summoning
 t - 9 scrolls of teleportation {@r4}
 y - 5 scrolls of noise {!r}
 A - 3 scrolls of revelation
 G - 3 scrolls of fog
 K - a scroll of brand weapon
 V - 6 scrolls of fear
 Z - 4 scrolls of immolation {!r}
Potions
 e - 2 potions of attraction {!q}
 n - 6 potions of invisibility
 p - 15 potions of curing {@q1}
 r - 3 potions of heal wounds {@q2}
 z - a potion of haste {@q3}
 B - 7 potions of mutation {!q}
 I - 2 potions of cancellation
 O - a potion of might
Miscellaneous
 g - a condenser vane (inert)
   (You found it on level 5 of the Lair of Beasts)
 E - a sack of spiders
   (You found it on level 5 of the Lair of Beasts)
 L - a phantom mirror
   (You found it on level 7 of the Dungeon)


   Skills:
 + Level 14.1 Fighting
 + Level 13.2(15.8) Axes
 - Level 14.3(16.4) Maces & Flails
 * Level 16.6 Ranged Weapons
 * Level 7.5 Throwing
 + Level 6.7 Armour
 + Level 6.3 Dodging
 - Level 4.5 Stealth
 + Level 9.8 Shields
 + Level 6.8 Evocations


You had 15 spell levels left.
You didn't know any spells.
Your spell library was empty.

Dungeon Overview and Level Annotations

Branches:
Dungeon (15/15) Zot: 24999  Temple (0/1) D:4            Lair (5/5) D:10 Zot: 23413
 Shoals (0/4) Lair:2       Spider (0/4) Lair:2        Slime (0/5) Lair:5
    Orc (2/2) D:10 Zot: 7230     Elf (1/3) Orc:2 Zot: 5809  Vaults (0/5) D:13
 Depths (0/4) D:15        Ossuary (visited)

Altars:
Ashenzari
Cheibriados
Dithmenos
Fedhas
Gozag
Nemelex Xobeh
Okawaru
Qazlal
Ru
Sif Muna
Trog
Uskayaw
Xom
Yredelemnul
Zin
The Shining One
Beogh
Jiyva

Shops:
D:4 (   D:13 :   D:15 *   Orc:1 (   Orc:2 =[*(

Portals:
Abyss: Lair:5


Innate Abilities, Weirdness & Mutations

You have a pair of horns on your head.
You reflexively headbutt those who attack you in melee.


Message History

The deep elf zephyrmancer hits you with a +0 long sword.
You block the deep elf pyromancer's attack.
You barely miss the deep elf pyromancer.
Your headbutt misses the deep elf pyromancer.
The deep elf archer shoots an arrow.
The arrow hits you!
The deep elf zephyrmancer gestures at you while chanting.
The bolt of lightning hits you!
* * * LOW HITPOINT WARNING * * *
The deep elf pyromancer hits you with a +0 long sword.
* * * LOW HITPOINT WARNING * * *
The deep elf archer shoots an arrow.
The arrow hits you!
* * * LOW HITPOINT WARNING * * *
Blink to where?
Press: ? - help, Dir - move target, p - deep elf pyromancer
As you read the scroll of blinking, it crumbles to dust.
The deep elf archer mumbles some strange words.
The deep elf archer blinks!
Aiming: Mindburst
Press: ? - help, Shift-Dir - straight line, f - deep elf archer
Aim: a deep elf archer, wielding a +0 shortbow and wearing a +0 leather armour (severely wounded, repelling missiles, chance to affect: 38%)
The deep elf archer resists with some effort.
The deep elf archer gestures at you while chanting.
You resist with almost no effort.
Aiming: Mindburst
Press: ? - help, Shift-Dir - straight line, f/p - deep elf archer
Aim: a deep elf archer, wielding a +0 shortbow and wearing a +0 leather armour (severely wounded, repelling missiles, chance to affect: 38%)
The deep elf archer resists with some effort.
The deep elf zephyrmancer gestures at you while chanting.
The bolt of lightning hits you!!
* * * LOW HITPOINT WARNING * * *
The deep elf archer shoots an arrow.
The arrow hits you!
* * * LOW HITPOINT WARNING * * *
You hear a shout!
Clouds condense from the air!
The condenser dries out!
The deep elf zephyrmancer is engulfed in blazing flames.
The deep elf zephyrmancer casts a spell at you.
The bolt of lightning hits you!!
* * * LOW HITPOINT WARNING * * *
The deep elf pyromancer gestures wildly while chanting.
The deep elf pyromancer blinks!
The deep elf archer is engulfed in noxious fumes.
The deep elf archer appears confused.
You puncture the deep elf pyromancer!
You kill the deep elf pyromancer!
Trog accepts your kill.
Trog appreciates your killing of a magic user.
The deep elf zephyrmancer is engulfed in blazing flames.
The deep elf zephyrmancer gestures at you while chanting.
The bolt of lightning hits you.
You die...

#### ##.. ##..#
#...#
#############
#...........#
###.(⌠..#..)..#
##e#)@...#.)...#
##§§'.....#..<..#
##.§.#.....#.))..#
#§e###..⌠..#..⌠..#
#)## #...........#
#E.# #############
ee○## #..... .....
##...## .......
####


You could see a deep elf archer (repels missiles, confused), a deep elf
zephyrmancer and a fire elemental (summoned).

Vanquished Creatures
  Rupert (Orc:2)
  Gastronok (Lair:1)
  The ghost of Cicheybu the Mimic, a journeyman OpEE of Gozag (Orc:1)
  The ghost of jasper the Brawler, a journeyman TrFi of Beogh (Lair:5)
  An orc warlord (Orc:2)
  The ghost of prad the Skirmisher, a journeyman GnHu of Okawaru (D:12)
  Snorg (D:10)
  A fire dragon (D:14)
  2 ettins
  A yaktaur captain (D:13)
  7 hydras
  2 vault guards (D:13)
  4 centaur warriors
  5 catoblepae
  A rakshasa (D:15)
  11 death yaks
  3 boulder beetles
  4 two-headed ogres
  A deep troll earth mage (D:13)
  A tengu warrior (D:15)
  The ghost of systembuster the Basher, a novice DsFi (D:10)
  Urug (Orc:2)
  An orc high priest (Orc:2)
  A hell knight (D:15)
  A deep elf knight (Elf:1)
  A thrashing horror (Lair:5)
  A fire crab (Lair:3)
  2 skysharks
  2 arcanists
  A phantasmal warrior (D:13)
  2 orc knights (Orc:2)
  2 deep elf zephyrmancers
  Pikel (D:5)
  4 cyclopes
  An obsidian bat (Orc:1)
  8 deep elf pyromancers
  2 orc sorcerers (Orc:2)
  4 necromancers
  A moth of wrath (D:10)
  A wolf spider (Lair:2)
  3 manticores
  7 ugly things
  A meliai (D:14)
  9 elephants
  4 black mambas
  11 cane toads
  2 smoke demons (Lair:5)
  4 rime drakes
  13 komodo dragons
  4 freezing wraiths (D:12)
  An efreet (D:14)
  An unseen horror (shapeshifter) (D:13)
  5 tengu conjurers
  4 kobold demonologists
  5 trolls
  3 red devils (Orc:2)
  3 polar bears
  A hornet (D:9)
  Grinder (D:4)
  A hellwing (Lair:5)
  26 blink frogs
  2 raiju (Lair:5)
  4 dream sheep (Lair:5)
  A spriggan (shapeshifter) (D:15)
  A centaur simulacrum (D:14)
  2 shadows
  Sigmund (D:4)
  2 vampires
  4 slime creatures
  A spriggan (Lair:5)
  3 wraiths
  89 yaks
  8 wyverns
  20 humans
  2 steam dragons (D:7)
  6 basilisks
  2 redbacks
  Menkaure (D:5)
  Edmund (D:5)
  2 acid dragons
  A swamp drake (D:8)
  13 water moccasins
  3 sky beasts
  4 black bears
  24 orc warriors
  4 ice beasts
  2 black bears (shapeshifter) (D:15)
  A laughing skull (D:13)
  4 ogres
  11 centaurs
  3 phantoms (D:7)
  2 lemures (D:5)
  8 kobold brigands
  Blork the orc (D:4)
  8 bullfrogs
  11 scorpions
  A wight (D:9)
  18 killer bees
  5 howler monkeys
  3 bombardier beetles
  4 centaur zombies (Ossuary)
  6 hounds
  2 human zombies (Ossuary)
  3 jellies
  21 orc priests
  A gnoll bouda (D:8)
  A sleepcap (D:6)
  Ijyb (D:4)
  22 orc wizards
  2 scorpion zombies (Ossuary)
  6 iguanas
  6 hell rats (Lair:4)
  3 mummies (Ossuary)
  8 gnolls
  9 adders
  5 white imps
  2 ufetubi (D:6)
  An adder zombie (Ossuary)
  A dart slug (D:3)
  A ribbon worm (D:2)
  80 orcs
  3 endoplasms (D:1)
  5 giant cockroaches
  6 gnoll zombies (Ossuary)
  4 goblins
  5 hobgoblins
  4 quokkas
  3 training dummies (Orc:1)
  7 ball pythons
  4 ball python zombies (Ossuary)
  2 bats (D:2)
  6 frilled lizards
  A jackal zombie (Ossuary)
  31 kobolds
  2 orc zombies (Ossuary)
  4 rats
748 creatures vanquished.

Vanquished Creatures (others)
  3 deep elf pyromancers
  An unseen horror (D:13)
  A tengu conjurer (D:14)
  An ice beast (D:7)
  3 kobolds
9 creatures vanquished.

Grand Total: 757 creatures vanquished

Notes
Turn   | Place    | Note
-------+----------+-------------------------------------------
     0 | D:1      | Pooter the Minotaur Berserker began the quest for the Orb.
     0 | D:1      | Reached XP level 1. HP: 19/19 MP: 0/0
   153 | D:1      | Reached XP level 2. HP: 27/27 MP: 1/1
   768 | D:2      | Reached skill level 1 in Stealth
   768 | D:2      | Reached XP level 3. HP: 33/33 MP: 2/2
   768 | D:2      | Reached ** piety under Trog
  1142 | D:2      | Found a shimmering altar of Xom.
  1179 | D:2      | Reached XP level 4. HP: 40/40 MP: 3/3
  1248 | D:2      | Reached skill level 5 in Axes
  1364 | D:3      | Found a broken altar of Ashenzari.
  1402 | D:3      | Found a blossoming altar of Fedhas.
  1677 | D:3      | Reached XP level 5. HP: 47/47 MP: 4/4
  1768 | D:4      | Reached skill level 1 in Maces & Flails
  1971 | D:4      | Noticed Blork the orc
  1985 | D:4      | Killed Blork the orc
  1986 | D:4      | Reached skill level 1 in Ranged Weapons
  2050 | D:4      | Noticed Ijyb
  2053 | D:4      | Killed Ijyb
  2054 | D:4      | Reached skill level 1 in Evocations
  2054 | D:4      | Reached XP level 6. HP: 55/55 MP: 5/5
  2175 | D:4      | Found a stormy altar of Qazlal.
  2188 | D:4      | Found a staircase to the Ecumenical Temple.
  2314 | D:4      | Noticed Sigmund
  2327 | D:4      | Killed Sigmund
  2328 | D:4      | Reached skill level 5 in Fighting
  2421 | D:4      | Found Ruuppiaw's Antique Weapon Shoppe.
  2439 | D:4      | Bought a runed shortbow for 156 gold pieces
  2532 | D:4      | Noticed Grinder
  2563 | D:4      | Killed Grinder
  2564 | D:4      | Reached skill level 2 in Ranged Weapons
  2564 | D:4      | Reached XP level 7. HP: 52/61 MP: 6/6
  2686 | D:5      | Entered Level 5 of the Dungeon
  2747 | D:5      | Noticed Pikel
  2755 | D:5      | Killed Pikel
  2756 | D:5      | Reached skill level 3 in Ranged Weapons
  2756 | D:5      | Reached XP level 8. HP: 34/70 MP: 7/7
  2762 | D:5      | Found a sand-covered staircase.
  2781 | Ossuary  | Entered an ossuary
  3268 | D:5      | Found a hide-covered altar of Uskayaw.
  3278 | D:5      | Reached skill level 4 in Ranged Weapons
  3315 | D:5      | Noticed Menkaure
  3319 | D:5      | Killed Menkaure
  3380 | D:5      | Noticed Edmund
  3384 | D:5      | Killed Edmund
  3385 | D:5      | Reached XP level 9. HP: 78/78 MP: 8/8
  3433 | D:5      | Reached skill level 5 in Maces & Flails
  3625 | D:5      | Noticed a troll
  3629 | D:5      | Killed a troll
  4067 | D:6      | Reached *** piety under Trog
  4068 | D:6      | Reached skill level 5 in Ranged Weapons
  4931 | D:7      | Reached skill level 6 in Ranged Weapons
  5016 | D:7      | Reached XP level 10. HP: 88/88 MP: 9/9
  5230 | D:7      | Noticed a cyclops
  5248 | D:7      | Killed a cyclops
  5249 | D:7      | Reached skill level 10 in Axes
  5249 | D:7      | Reached skill level 7 in Ranged Weapons
  6017 | D:7      | Reached skill level 8 in Ranged Weapons
  6288 | D:8      | Found a bloodstained altar of Trog.
  6288 | D:8      | Found a sacrificial altar of Ru.
  6288 | D:8      | Found a shimmering altar of Xom.
  6291 | D:8      | Found a shimmering blue altar of Sif Muna.
  6294 | D:8      | Found a sparkling altar of Nemelex Xobeh.
  6299 | D:8      | Found a snail-covered altar of Cheibriados.
  6300 | D:8      | Found an iron altar of Okawaru.
  6302 | D:8      | Found a basalt altar of Yredelemnul.
  6306 | D:8      | Found an opulent altar of Gozag.
  6307 | D:8      | Found a glowing golden altar of the Shining One.
  7164 | D:9      | Reached XP level 11. HP: 87/95 MP: 10/10
  7185 | D:9      | Reached **** piety under Trog
  7247 | D:9      | Noticed Jeremiah
  7248 | D:9      | Jeremiah changed into Jeremiah the hornet
  7248 | D:9      | Noticed Jeremiah
  7253 | D:9      | Killed Jeremiah the hornet
  7254 | D:9      | Reached skill level 10 in Maces & Flails
  7254 | D:9      | Reached skill level 9 in Ranged Weapons
  7334 | D:9      | You are sucked into a shaft and drop 1 floor!
  7334 | D:10     | Entered Level 10 of the Dungeon
  7402 | D:9      | Found a shadowy altar of Dithmenos.
  7879 | D:10     | Noticed Snorg
  7888 | D:10     | Killed Snorg
  8021 | D:10     | Identified the +9 dagger of Uskayaw's Approval {freeze,
                  | rN+++ Int+3 Dex-5 SInv}
  8312 | D:10     | Found a staircase to the Orcish Mines.
  8317 | Orc:1    | Entered Level 1 of the Orcish Mines
  8486 | Orc:2    | Entered Level 2 of the Orcish Mines
  8832 | Orc:1    | Reached skill level 10 in Ranged Weapons
  8963 | Orc:1    | Found a runed translucent gate.
  8963 | Orc:1    | Found a runed translucent gate.
  8963 | Orc:1    | Found a runed translucent gate.
  8969 | Orc:1    | Noticed Cicheybu's ghost (journeyman OpEE)
  9371 | Orc:2    | Noticed an orc knight
  9402 | Orc:2    | Killed an orc knight
  9403 | Orc:2    | Reached skill level 10 in Fighting
  9466 | Orc:2    | Noticed Urug
  9469 | Orc:2    | Noticed an orc high priest
  9518 | Orc:2    | Killed an orc high priest
  9524 | Orc:2    | Killed Urug
  9892 | Orc:2    | Noticed Rupert
  9901 | Orc:2    | Killed Rupert
  9902 | Orc:2    | Reached XP level 12. HP: 106/106 MP: 11/11
 10015 | Orc:1    | Reached skill level 11 in Ranged Weapons
 10029 | Orc:1    | Found Puirph's Firing Range.
 10048 | Orc:1    | Bought a +0 hand cannon of freezing for 116 gold pieces
 10276 | Orc:2    | Reached skill level 1 in Shields
 10277 | Orc:2    | Noticed an orc warlord
 10291 | Orc:2    | Killed an orc warlord
 11207 | Orc:2    | Found a roughly hewn altar of Beogh.
 11794 | Orc:2    | Found Coicriuj's Antique Armour Shop.
 11846 | Orc:2    | Found a staircase to the Elven Halls.
 11952 | Orc:2    | Found Adymue's Jewellery Shop.
 11967 | Orc:2    | Found Miunaxt's General Store.
 11974 | Orc:2    | Bought a potion of might for 52 gold pieces
 11974 | Orc:2    | Bought a scroll of identify for 26 gold pieces
 11974 | Orc:2    | Bought a wand of acid (3) for 163 gold pieces
 11974 | Orc:2    | Bought a scroll of teleportation for 39 gold pieces
 11997 | Orc:2    | Found Titergh's Antique Weapon Shop.
 12403 | D:10     | Found a staircase to the Lair.
 12440 | D:10     | Found a transporter.
 12524 | D:10     | Noticed a two-headed ogre
 12531 | D:10     | Killed a two-headed ogre
 12858 | D:10     | Found a transporter.
 12866 | D:10     | Noticed systembuster's ghost (novice DsFi)
 13027 | D:10     | Reached skill level 12 in Ranged Weapons
 13034 | D:10     | Killed systembuster's ghost
 13157 | Lair:1   | Entered Level 1 of the Lair of Beasts
 13531 | Lair:1   | Noticed Maggie
 13533 | Lair:1   | Maggie changed into Maggie the sky beast
 13533 | Lair:1   | Noticed Maggie
 13537 | Lair:1   | Killed Maggie the sky beast
 13595 | Lair:1   | Noticed Sonja
 13596 | Lair:1   | Sonja changed into Sonja the rime drake
 13596 | Lair:1   | Noticed Sonja
 13599 | Lair:1   | Killed Sonja the rime drake
 13609 | Lair:1   | Reached XP level 13. HP: 106/116 MP: 12/12
 13752 | Lair:1   | Noticed Gastronok
 13766 | Lair:1   | Killed Gastronok
 13961 | Orc:2    | Bought a +6 ring of strength for 540 gold pieces
 13961 | Orc:2    | Bought a ring of see invisible for 225 gold pieces
 14225 | Lair:2   | Reached skill level 5 in Shields
 14232 | Lair:2   | Reached skill level 13 in Ranged Weapons
 14480 | Lair:2   | Found a staircase to the Shoals.
 14844 | Lair:2   | Found a hole to the Spider Nest.
 14956 | Lair:3   | Noticed Nessos
 14957 | Lair:3   | Nessos changed into Nessos the fire crab
 14957 | Lair:3   | Noticed Nessos
 14967 | Lair:3   | Killed Nessos the fire crab
 15150 | Lair:3   | Reached skill level 14 in Ranged Weapons
 15845 | Lair:3   | Upgraded the game from 0.32-a0-900-g30fb1b0edc to
                  | 0.32-a0-909-gc671339a80
 16288 | Lair:4   | Reached ***** piety under Trog
 16306 | Lair:4   | Reached XP level 14. HP: 125/127 MP: 13/13
 16942 | Lair:5   | Entered Level 5 of the Lair of Beasts
 17066 | Lair:4   | Reached skill level 1 in Throwing
 17163 | Lair:5   | Found a staircase to the Slime Pits.
 17163 | Lair:5   | Found a viscous altar of Jiyva.
 17283 | Lair:4   | Reached skill level 5 in Evocations
 17465 | Lair:5   | Found a transporter.
 17672 | Lair:5   | Reached skill level 15 in Ranged Weapons
 18404 | Lair:5   | Found a transporter.
 18497 | Lair:5   | Found a one-way gate to the infinite horrors of the Abyss.
 18570 | Lair:5   | Noticed jasper's ghost (journeyman TrFi)
 18896 | Lair:5   | Received a gift from Trog
 19579 | Orc:2    | Bought an amulet of reflection for 450 gold pieces
 20292 | D:12     | Reached skill level 5 in Throwing
 20292 | D:12     | Reached XP level 15. HP: 136/136 MP: 14/14
 20301 | D:12     | Received a gift from Trog
 20365 | D:12     | Reached skill level 5 in Armour
 20434 | D:12     | Found a runed translucent gate.
 20434 | D:12     | Found a runed translucent gate.
 20434 | D:12     | Found a runed translucent gate.
 20450 | D:12     | Noticed prad's ghost (journeyman GnHu)
 20461 | D:12     | Killed prad's ghost
 21543 | D:13     | Identified the staff of Inquiry {rC+ Will+ Ice}
 22088 | D:13     | Reached skill level 5 in Dodging
 22374 | D:13     | Found Tial's Tremendous Tomes.
 22678 | D:13     | Found a gate to the Vaults.
 22693 | D:13     | Reached skill level 16 in Ranged Weapons
 23982 | D:15     | Entered Level 15 of the Dungeon
 23982 | D:15     | Found Zin's Purification Station.
 23982 | D:15     | Found a glowing silver altar of Zin.
 25362 | D:15     | Found a staircase to the Depths.
 25988 | Orc:1    | Killed Cicheybu's ghost
 26378 | Lair:5   | Killed jasper's ghost
 26383 | Lair:5   | Reached XP level 16. HP: 88/146 MP: 15/15
 26868 | Elf:1    | Entered Level 1 of the Elven Halls
 27065 | Elf:1    | HP: 3/146 [deep elf zephyrmancer/bolt of lightning (30)]
 27066 | Elf:1    | Killed from afar by a deep elf zephyrmancer

Illustrated notes

Levels and vault maps discovered:
D:1:      denvon_arrival_planthouse, layout_basic
D:2:      layout_basic, basic_altar
D:3:      layout_rooms, mainiacjoe_overflow_chevrons, fedhas_altar_2
D:4:      layout_loops_ring, lemuel_crystal_altar,
          minmay_temple_entry_crystal_x, serial_shops, shop, uniq_grinder,
          uniq_ijyb, uniq_sigmund, uniq_blork_the_orc
D:5:      cheibrodos_barr_body, layout_layer_cave, nicolae_uskayaw_dance_hall,
          chequers_ossuary_entry_cave, uniq_edmund, uniq_pikel, uniq_menkaure
D:6:      layout_gridville, minivault_23
D:7:      minmay_the_grid_octo_tiled_squarecenter
          [minmay_the_grid_octo_clover_2, minmay_the_grid_octo_focus,
          minmay_the_grid_octo_checkerflower, minmay_the_grid_octo_concentric,
          minmay_the_grid_square_5x5_megaprize_diamond,
          minmay_the_grid_square_5x5_three_walls,
          minmay_the_grid_square_5x5_one_wall,
          minmay_the_grid_square_5x5_spiral_small,
          minmay_the_grid_square_5x5_fat_x], layout_loops_ring
D:8:      layout_basic, nicolae_overflow_hallway_of_the_gods
D:9:      layout_big_octagon, grunt_dithmenos_shadows, minmay_diced_spiral,
          uniq_jeremiah
D:10:     layout_loops_corners, david_lair_generic, hiddenorc2_lemuel,
          gammafunk_ghost_berserking_beasts, hangedman_decor_points, uniq_snorg
D:11:     layout_layer_cave
D:12:     layout_basic, gammafunk_ghost_spectres, st_stairs_8
D:13:     layout_basic, grunt_vaults_entry_tiered,
          nicolae_shop_i_like_big_books, minmay_diamond_spiral
D:14:     hangedman_arrow_trap, layout_cave_pools
D:15:     hangedman_depths_entry_civil_slaughter, layout_basic,
          nicolae_zig_zag_zippers, zin_purify
Lair:1:   layout_chaotic_city, infiniplex_staircase_pool_2,
          serial_bayou_shore_a, uniq_gastronok, uniq_maggie, uniq_sonja
Lair:2:   layout_misc_corridors, minmay_shoals_entry_centaurs,
          spider_nest_entry_rubble
Lair:3:   layout_concentric_octagons, grunt_forest_large_clearings,
          grunt_megastairs_3, serial_bayou_shore_b, uniq_nessos
Lair:4:   layout_layer_cave
Lair:5:   evilmike_catoblepas_cave, layout_big_grid, slime_entry_1,
          gammafunk_ghost_abyssal_escape
Orc:1:    layout_caves, ebering_ghost_rock_garden, nicolae_shop_firing_range
Orc:2:    grunt_orc_cross, layout_diamond_mine,
          einodemon_armed_red_devil_minivault, uniq_rupert
Elf:1:    nicolae_elf_arrival_fired_up, layout_loops_ring, kb_rosetta,
          minivault_28, minmay_shoptagon

Skill      XL: |  1  2  3  4  5  6  7  8  9 10 11 12 13 14 15 |
---------------+----------------------------------------------+-----
Axes           | 4 5 6 7 8 9 10 11 12 13 | 13.2
Fighting       | 4 5 6 7 8 10 11 12 13 14 | 14.1
Stealth        | 1 2 3 4 |  4.5
Maces & Flails | 1 2 3 4 7 9 12 13 14 | 14.3
Ranged Weapons | 1 2 3 4 6 8 10 12 14 15 16 | 16.6
Evocations     | 1 2 3 4 5 6 |  6.8
Shields        | 4 7 8 9 |  9.8
Throwing       | 5 7 |  7.5
Armour         | 4 6 |  6.7
Dodging        | 4 6 |  6.3

Action                     |  1- 3 |  4- 6 |  7- 9 | 10-12 | 13-15 | 16-18 || total
---------------------------+-------+-------+-------+-------+-------+-------++-------
  Melee: Hand axe          |    57 |       |       |       |       |       ||    57
         Headbutt          |    10 |     4 |    28 |    78 |   156 |     6 ||   282
         Trident           |     5 |     9 |       |       |       |       ||    14
         Flail             |       |    35 |    66 |   263 |       |       ||   364
         Battleaxe         |       |       |   110 |    75 |       |       ||   185
         Eveningstar       |       |       |       |   159 |   685 |    37 ||   881
         Broad axe         |       |       |       |       |    77 |       ||    77
   Fire: Sling             |       |    17 |       |    11 |       |       ||    28
         Shortbow          |       |    18 |    17 |    28 |       |       ||    63
         Arbalest          |       |       |       |    20 |       |       ||    20
         Hand cannon       |       |       |       |    64 |   193 |     5 ||   262
  Throw: Boomerang         |       |       |       |    21 |     6 |       ||    27
         Dart              |       |       |       |     6 |     2 |       ||     8
 Invoke: Berserk           |     1 |     4 |     6 |    19 |    18 |     1 ||    49
         Trog's Hand       |       |     5 |     4 |    28 |    23 |     1 ||    61
  Evoke: Wand              |       |       |       |    16 |     3 |     2 ||    21
         Condenser vane    |       |       |       |       |     1 |     1 ||     2
    Use: Scroll            |     3 |     4 |     8 |     8 |    11 |     1 ||    35
         Potion            |       |       |       |     5 |     1 |       ||     6
   Stab: Invisible         |       |       |       |     4 |       |       ||     4
 Armour: Animal skin       |    22 |       |       |       |       |       ||    22
         Ring mail         |    18 |    31 |     7 |       |       |       ||    56
         Chain mail        |       |       |   214 |   224 |   428 |    32 ||   898
         Plate armour      |       |       |       |   369 |       |       ||   369
         Crystal plate arm |       |       |       |       |   334 |     9 ||   343
  Dodge: Dodged            |    35 |    25 |    92 |   325 |   370 |     8 ||   855
  Block: Kite shield       |       |       |       |   172 |   648 |    35 ||   855
         Reflection        |       |       |       |       |    20 |     4 ||    24

Table legend: (Time is in decaauts)
 A = Elapsed time spent in this place.
 B = Non-inter-level travel time spent in this place.
 C = Inter-level travel time spent in this place.
 D = Time resting spent in this place.
 E = Time spent auto-exploring this place.
 F = Levels seen in this place.
 G = Mean time per level.
                   A        B        C        D        E       F      G
               +--------+--------+--------+--------+--------+-----+--------+
         Total |  27940 |  26182 |   1758 |   9277 |  11179 |  24 | 1164.2 |
       Dungeon |  16013 |  15244 |    769 |   4897 |   7404 |  15 | 1067.5 |
          Lair |   6586 |   6139 |    447 |   1772 |   2943 |   5 | 1317.2 |
  Orcish Mines |   4769 |   4229 |    540 |   2396 |    748 |   2 | 2384.5 |
   Elven Halls |    189 |    189 |      0 |    125 |     11 |   1 |  189.0 |
       Ossuary |    382 |    382 |      0 |     85 |     73 |   1 |  382.0 |
               +--------+--------+--------+--------+--------+-----+--------+

Top non-repeatable levels by time:
   Orc:2: 3648 daAuts
    D:13: 2699 daAuts
  Lair:5: 2187 daAuts
    D:10: 1838 daAuts
  Lair:4: 1586 daAuts
     D:7: 1470 daAuts
    D:14: 1329 daAuts
   Orc:1: 1121 daAuts
  Lair:3: 1070 daAuts
     D:8: 998 daAuts
    D:15: 993 daAuts
     D:4: 974 daAuts
     D:5: 930 daAuts
  Lair:1: 916 daAuts
    D:12: 906 daAuts
